AoeStats
← hirax34

Arena

510363106Analyzed
4v4 RM · 1d ago on Sep 30, 2026· 44m 3s· 8 players
Game mode
Random Map
Map size
Large (8 player)
Population
200
Speed
Normal
Resources
Standard
Victory
Conquest
Starting age
Dark Age
Ending age
Imperial Age
RankedLock teamsTeams togetherTeam positionsShared explorationLock speedFull tech treeHidden civsTurbo modeCheats
Victory
Defeat
🇩🇪 Koreans · Germany
1424
+11
🇩🇪 Lithuanians · Germany
1404
+12
🇩🇪 Turks · Germany
1288
+17
🇩🇪 Spanish · Germany
1124
+24
🇨🇦 Portuguese · Canada
1347
-18
🇹🇷 Bohemians · Türkiye
1327
-17
🇳🇴 Mongols · Norway
1281
-15
🇹🇷 Turks · Türkiye
1271
-14
Noob
9:38 Feudal Age
10:43 Loom
14:00 Castle Age
11:53 Double-Bit Axe
12:26 Horse Collar
23:17 Wheelbarrow
28:36 Imperial Age
27:06 Bloodlines
26:57 Husbandry
27:38 Bow Saw
28:08 Fletching
29:11 Bodkin Arrow
30:23 Ballistics
30:04 Bracer
30:15 Thumb Ring
30:36 Parthian Tactics
31:02 Padded Archer Armor
31:42 Conscription
30:57 Light Cavalry
31:57 Leather Archer Armor
34:02 Drill
34:23 Onager
35:13 Siege Engineers
36:10 Chemistry
35:58 Elite Mangudai
39:27 Siege Onager
smyracula
10:39 Feudal Age
14:55 Castle Age
13:54 Double-Bit Axe
27:05 Imperial Age
24:22 Loom
25:17 Gold Mining
25:48 Fletching
26:58 Gold Shaft Mining
27:11 Ballistics
27:03 Padded Archer Armor
28:14 Bodkin Arrow
38:18 Artillery
42:07 Scale Mail Armor
42:15 Scale Barding Armor
42:20 Forging
p0psicle
10:49 Feudal Age
15:00 Castle Age
12:51 Double-Bit Axe
12:49 Horse Collar
13:37 Loom
17:53 Bow Saw
18:19 Wheelbarrow
19:30 Bow Saw
20:48 Gold Mining
22:49 Hand Cart
23:20 Fortified Wall
28:04 Imperial Age
25:20 Town Watch
25:17 Pikeman
26:05 Stone Mining
29:58 Chemistry
29:03 Padded Archer Armor
29:04 Scale Mail Armor
29:14 Forging
28:27 Halberdier
30:11 Arquebus
30:56 Chain Mail Armor
34:14 Leather Archer Armor
34:29 Plate Mail Armor
34:35 Iron Casting
36:16 Arson
37:53 Ring Archer Armor
38:23 Blast Furnace
37:38 Siege Engineers
42:52 Elite Skirmisher
43:38 Thumb Ring
43:26 Fletching
43:59 Ballistics
hirax34
10:25 Feudal Age
9:24 Loom
14:38 Castle Age
13:16 Double-Bit Axe
13:14 Horse Collar
15:59 Bow Saw
18:53 Sanctity
21:21 Heavy Plow
22:35 Fletching
25:04 Wheelbarrow
29:17 Imperial Age
32:41 Chemistry
34:35 Conscription
37:33 Padded Archer Armor
38:32 Leather Archer Armor
40:02 Hand Cart
41:27 Two-Man Saw
40:27 Elite Skirmisher
41:05 Bodkin Arrow
42:04 Ballistics
41:49 Bracer
44:03 Scale Mail Armor
44:14 Forging
orangefaser
10:00 Feudal Age
14:14 Castle Age
12:02 Double-Bit Axe
12:10 Horse Collar
19:47 Wheelbarrow
21:01 Bow Saw
23:49 Gold Mining
24:06 Heavy Plow
24:53 Stone Mining
28:51 Imperial Age
26:35 Scale Barding Armor
26:41 Forging
26:24 Loom
26:54 Hand Cart
27:20 Bloodlines
27:11 Husbandry
29:38 Iron Casting
29:24 Chain Barding Armor
30:38 Cavalier
32:42 Plate Barding Armor
35:50 Conscription
35:36 Tower Shields
35:29 Fletching
35:40 Padded Archer Armor
36:43 Heavy Cavalry Archer
37:20 Bodkin Arrow
38:05 Leather Archer Armor
38:14 Ballistics
38:55 Chemistry
38:17 Bracer
39:01 Thumb Ring
40:24 Ring Archer Armor
39:52 Paladin
41:37 Guard Tower
41:43 Murder Holes
Maschndrohtzaun
10:51 Feudal Age
12:26 Double-Bit Axe
12:35 Horse Collar
15:31 Castle Age
16:33 Bow Saw
17:44 Heavy Plow
20:00 Wheelbarrow
21:49 Gold Mining
23:23 Gold Shaft Mining
22:53 Stone Mining
23:35 Loom
24:18 Hand Cart
25:18 Stone Shaft Mining
25:28 Fletching
25:42 Treadmill Crane
26:13 Masonry
26:25 Ballistics
26:01 Murder Holes
30:33 Imperial Age
29:13 Thumb Ring
29:38 Bodkin Arrow
30:34 Eupseong
31:40 Conscription
31:07 Elite War Wagon
31:49 Bracer
32:02 Husbandry
33:49 Two-Man Saw
33:47 Coinage
33:28 Guilds
34:41 Architecture
37:13 Chemistry
36:18 Siege Engineers
36:16 Heavy Rocket Cart
xxxDonPabloxxx
11:38 Feudal Age
16:28 Castle Age
14:58 Loom
15:57 Double-Bit Axe
15:59 Horse Collar
17:19 Bow Saw
26:00 Heavy Plow
37:47 Wheelbarrow
_EA_Baer
10:33 Feudal Age
10:49 Loom
14:11 Castle Age
26:46 Imperial Age
24:15 Fletching
24:42 Double-Bit Axe
25:45 Horse Collar
26:07 Gold Mining
28:03 Bodkin Arrow
34:23 Artillery
40:23 Scale Barding Armor
Connection lost

Rejoining the realm…

Still unreachable

The connection could not be restored.

Session expired

The server has moved on; the page needs a fresh start.